 Dungeon Crawl Stone Soup version 0.28.0 (webtiles) character file.

Game seed: 16790351363238216179

199 jjjjhere the Poker (level 5, 0/42 HPs)
             Began as a Merfolk Hedge Wizard on Feb 18, 2022.
             Succumbed to a killer bee's poison
             ... on level 3 of the Dungeon.
             The game lasted 00:04:18 (3792 turns).

jjjjhere the Poker (Merfolk Hedge Wizard)           Turns: 3792, Time: 00:04:19

Health: 0/42       AC:  8    Str: 12    XL:     5   Next: 77%
Magic:  9/9        EV:  9    Int: 14    God:
Gold:   202        SH:  0    Dex: 13    Spells: 9/10 levels left

rFire   . . .      SeeInvis .   e - +1 dagger (venom)
rCold   . . .      Faith    .   (no shield)
rNeg    . . .      Spirit   .   j - +0 scale mail
rPois   .          Reflect  .   g - +0 helmet
rElec   .          Harm     .   (no cloak)
rCorr   .          Rampage  .   o - +0 pair of gloves
Will    .....                   (no boots)
Stlth   +.........              (no amulet)
HPRegen 0.14/turn               (no ring)
MPRegen 0.11/turn               (no ring)

@: mighty, lethally poisoned (0 -> 0), attractive, flying
A: (nimble swimmer 2), mertail
a: no special abilities


You were on level 3 of the Dungeon.
You visited 1 branch of the dungeon, and saw 4 of its levels.

You collected 202 gold pieces.

Inventory:

Hand Weapons
 a - a +0 dagger
 e - a +1 dagger of venom (weapon)
 l - a +0 spear
 q - a +0 hunting sling
Missiles
 r - 66 stones
Armour
 b - a +0 robe
 c - a +0 hat
 d - a +0 pair of boots
 g - a +0 helmet (worn)
 j - a +0 scale mail (worn)
 o - a +0 pair of gloves (worn)
Scrolls
 h - 5 scrolls of teleportation {unknown}
 i - a scroll of immolation {unknown}
 m - a scroll of magic mapping {unknown}
 n - 3 scrolls of identify {unknown}
 t - a scroll of vulnerability {unknown}


   Skills:
 - Level 4.3 Fighting
 + Level 4.9 Polearms
 - Level 2.6 Dodging
 - Level 2.1 Stealth
 - Level 3.0 Spellcasting
 - Level 0.7 Conjurations
 - Level 1.0 Summonings
 - Level 0.7 Translocations


You had 9 spell levels left.
You knew the following spells:

 Your Spells              Type           Power      Damage    Failure   Level
a - Magic Dart            Conj           16%        1d3       65%         1

Your spell library contained the following spells:

 Spells                   Type           Power      Damage    Failure   Level
 Slow                     Hex            8%         N/A       75%         1
 Call Imp                 Summ           4%         N/A       75%         2
 Blink                    Tloc           8%         N/A       80%         2
 Conjure Flame            Conj/Fire      3%         6-21      97%         3
 Mephitic Cloud           Conj/Pois/Air  2%         N/A       97%         3


Dungeon Overview and Level Annotations

Branches:
Dungeon (4/15)
 Temple: D:4-7

Altars:

Annotations:
D:4 Menkaure


Innate Abilities, Weirdness & Mutations

((You are very nimble when in or above water. (Stealth+, EV+, Speed+++)))
Your lower body shifts to a powerful aquatic tail in water.


Message History

* * * LOW HITPOINT WARNING * * *
You are poisoned.
The killer bee poisons you!
You feel better. The killer bee stings you.
You are poisoned.
The killer bee poisons you! The killer bee closely misses you.
It was a potion of flight.
You feel very buoyant.
You fly up into the air.
You feel sick.
The killer bee stings you but does no damage. x2
It was a potion of attraction.
You feel attractive to monsters.
You feel sick. The killer bee stings you.
* * * LOW HITPOINT WARNING * * *
You are lethally poisoned!
The killer bee poisons you! The killer bee closely misses you.
It was a potion of might.
You feel very mighty all of a sudden.
* * * LOW HITPOINT WARNING * * *
You feel sick. The killer bee misses you.
The killer bee stings you but does no damage.
You miss the killer bee.
The killer bee is almost dead.
* * * LOW HITPOINT WARNING * * *
You feel sick.
You kill the killer bee!
You aren't carrying any potions.
* * * LOW HITPOINT WARNING * * *
You feel sick.
* * * LOW HITPOINT WARNING * * *
You feel sick.
* * * LOW HITPOINT WARNING * * *
You feel sick.
* * * LOW HITPOINT WARNING * * *
You feel sick.
* * * LOW HITPOINT WARNING * * *
You feel sick.
You aren't carrying any potions.
You die...

......................##...#
.....#####.#####.#######...#
.....# #.## #.# #...# .....#
#..####'###########
'##########.##.........# .#
#....##..#.........########
.####....###.#................#
.........# #..##'####.........#
#####....# ##.##@# #.........#
#....####.##.# #.........#
#####.###......#.#
#.........###
..........###..#.#
#............ #####.....#
#..).# #######..)...
..........# #.#..# #......
######....###...># #######
........#.##....##
#########.##....#


There were no monsters in sight!

Vanquished Creatures
  A centaur (D:3)
  A killer bee (D:3)
  3 adders
  2 dart slugs
  An orc (D:4)
  5 ball pythons
  6 bats
  3 endoplasms
  3 giant cockroaches
  5 goblins
  3 hobgoblins
  4 kobolds
  3 quokkas
  2 frilled lizards
  4 rats
46 creatures vanquished.

Notes
Turn   | Place    | Note
-------+----------+-------------------------------------------
     0 | D:1      | jjjjhere the Merfolk Hedge Wizard began the quest for the
                  | Orb.
     0 | D:1      | Reached XP level 1. HP: 13/13 MP: 4/4
   146 | D:1      | Reached skill level 1 in Fighting
   368 | D:1      | Reached XP level 2. HP: 9/22 MP: 4/6
  1477 | D:2      | Reached XP level 3. HP: 20/28 MP: 3/7
  2360 | D:3      | Reached skill level 1 in Polearms
  2777 | D:3      | Reached XP level 4. HP: 35/35 MP: 8/8
  3157 | D:3      | Noticed a centaur
  3160 | D:3      | HP: 8/35 [centaur/arrow (6)]
  3168 | D:3      | Killed a centaur
  3169 | D:3      | Reached XP level 5. HP: 18/42 MP: 9/9
  3753 | D:4      | Noticed Menkaure
  3779 | D:3      | HP: 13/42 [poisoned by a killer bee]
  3779 | D:3      | HP: 6/42 [killer bee (7)]
  3784 | D:3      | HP: 12/42 [poisoned by a killer bee]
  3787 | D:3      | HP: 5/42 [poisoned by a killer bee]
  3790 | D:3      | HP: 2/42 [poisoned by a killer bee]
  3792 | D:3      | Succumbed to a killer bee's poison

Illustrated notes

Levels and vault maps discovered:
D:1:      kilobyte_arrival_exit_the_forest, layout_basic
D:2:      layout_basic
D:3:      layout_basic
D:4:      cheibrodos_quashed, layout_basic,
          grunt_temple_overflow_gold_and_silver, minmay_misc_feat_tower,
          kennysheep_flooded_box, uniq_blork_the_orc, uniq_eustachio,
          uniq_menkaure

Skill      XL: |  1  2  3  4  5 |
---------------+----------------+-----
Fighting       | 1 2 3 4 |  4.3
Polearms       | 2 3 4 |  4.9
Dodging        | |  2.6
Stealth        | |  2.1
Spellcasting   | |  3.0
Conjurations   | |  0.7
Summonings     | |  1.0
Translocations | |  0.7

Action                   |  1- 3 |  4- 6 || total
-------------------------+-------+-------++-------
Melee: Dagger            |    94 |    39 ||   133
       Punch             |       |     1 ||     1
 Cast: Magic Dart        |    22 |       ||    22
  Use: Potion            |       |     7 ||     7
 Stab: Sleeping          |     6 |       ||     6
Armor: Robe              |    25 |     4 ||    29
       Scale mail        |       |    24 ||    24
Dodge: Dodged            |    61 |    29 ||    90
